[Event "SVK ECo-C Extraliga 2021-22"]
[Site "Slovakia"]
[Date "2022.06.10"]
[Round "9.8"]
[White "Holly, Andrej"]
[Black "Zambor, Norbert"]
[Result "1-0"]
[ECO "B33"]
[WhiteElo "2214"]
[BlackElo "2302"]
[Annotator "TA"]
[PlyCount "77"]
[EventDate "2021.10.21"]
[EventType "team-tourn"]
[EventCountry "SVK"]
[SourceTitle "playchess.com"]
[Source "ChessBase"]
[SourceQuality "1"]
[TimeControl "40/5400+30:1800+30"]

1. e4 c5 2. Nf3 Nc6 3. d4 cxd4 4. Nxd4 Nf6 5. Nc3 e5 6. Ndb5 d6 7. Bg5 a6 8. Na3 b5 9. Nd5 Be7 10. Bxf6 Bxf6 11. c4 b4 {[%emt 0:03:42] B33: Sicilian: Pelikan and Sveshnikov Variations.} 12. Nc2 O-O {[%emt 0:04:24] is more profitable than 12...a5 at the moment.} 13. g3 Bg5 {[%emt 0:05:56] The position is equal.} 14. Bg2 ({Of course not} 14. Ndxb4 Nxb4 15. Nxb4 Qb6 $15) 14... Be6 15. O-O Qa5 16. b3 Qc5 {[%emt 0:10:09] [#]} (16... Rfb8 $14) 17. Nc7 $1 $16 {[%emt 0:11:10] Pair of Knights!} Ra7 18. Nxe6 fxe6 19. Qg4 {[%emt 0:00:40][%csl LRe6,LRg5] [#]} Bd8 $146 ({Predecessor:} 19... Raf7 20. Qxe6 Nd8 21. Qd5 Qxd5 22. exd5 a5 23. a3 Bd2 24. axb4 axb4 25. Ne1 Bxe1 26. Raxe1 {½-½ (44) Draskovic,D (2016)-Vujovic,S (2167) Budva 2021}) 20. Qxe6+ Raf7 21. Rad1 Bc7 22. Rd2 Kh8 23. h4 Rf6 24. Qd5 Bb6 25. Kh2 a5 26. Qd3 a4 ({Weaker is} 26... Rxf2 27. Rfxf2 Rxf2 28. Rxf2 Qxf2 29. Qxd6 $16) 27. bxa4 Qa5 $1 28. Qd5 Qxa4 {[%emt 0:01:53] [#] This move loses the game for Black.} (28... Qa8 $11 {and Black stays safe.}) 29. Qb5 $18 Qxb5 30. cxb5 Nd4 (30... Na5 {was called for.} 31. Nxb4 Bxf2) 31. Nxb4 Bc5 32. Nd5 R6f7 33. b6 Rb7 (33... Ra8 $142 34. f4 h6) 34. a4 Ra8 35. Ra2 Nc6 36. Rb1 {[%emt 0:01:28][%cal Bf1b1,Bb1b5,Bb5a5][%mdl 32] Prevents Nb4.} Kg8 37. Rb5 {[%emt 0:01:56] White is clearly winning.} Na5 (37... Ra5 $142 38. Bh3 Kf7) 38. Nc7 Rf8 39. Rxa5 {[%emt 0:00:31] Weighted Error Value: White=0.05 (flawless) /Black=0.34} 1-0

[Event "SVK ECo-C Extraliga 2021-22"]
[Site "Slovakia"]
[Date "2022.06.10"]
[Round "9.8"]
[White "Bury, Rastislav"]
[Black "Bochnicka Vladimir ml."]
[Result "0-1"]
[ECO "A89"]
[WhiteElo "2118"]
[BlackElo "2262"]
[Annotator "TA"]
[PlyCount "97"]
[EventDate "2021.10.21"]
[EventType "team-tourn"]
[EventCountry "SVK"]
[SourceTitle "playchess.com"]
[Source "ChessBase"]
[SourceQuality "1"]
[TimeControl "40/5400+30:1800+30"]

1. d4 f5 2. Nf3 Nf6 3. g3 g6 4. Bg2 Bg7 5. O-O O-O 6. c4 d6 7. Nc3 Nc6 {[%emt 0:00:46] 7...c6 is the modern continuation.} 8. b3 e5 9. dxe5 dxe5 {[%emt 0:00:14] A89: Dutch Defence: Leningrad System: 5 Nf3 0-0 6 0-0 d6 7 Nc3 Nc6.} 10. e4 Qxd1 11. Rxd1 {[%emt 0:00:33] [#]} Nxe4 $146 ({Predecessor:} 11... Be6 12. Ng5 Bf7 13. Ba3 Rfd8 14. Nb5 Rxd1+ 15. Rxd1 Rc8 16. Nxf7 Kxf7 17. exf5 gxf5 18. Bxc6 bxc6 19. Nxa7 {½-½ (28) Tarasova,V (2226)-Chambers,C Chess.com INT 2021}) 12. Nxe4 fxe4 13. Ng5 Bg4 14. Rd2 (14. Rd5 $11) 14... Nd4 (14... Bh6 $5 15. h4 Bxg5 16. hxg5 Bf3 $15) 15. Nxe4 {[%emt 0:00:30] [#]} (15. Ba3 $15 {should be considered.}) 15... Ne2+ $1 $17 16. Rxe2 Bxe2 17. Ba3 Rfd8 18. Nc5 (18. Re1 $142 Bg4 19. Be7) 18... e4 19. Re1 {[%emt 0:05:05] [#]} Bf3 ({Black should try} 19... Rd2 $1 20. Bxe4 Rxa2 21. Bd5+ Kh8 22. Nxb7 c6 23. Bxc6 Bc3 24. Rxe2 (24. Rc1 $2 Bd2 $19) 24... Rxe2) 20. Nxe4 Bxg2 21. Kxg2 a5 22. Re2 a4 23. Be7 Rd4 {[%emt 0:05:47] Hoping for ...Re8.} 24. Nc5 (24. Bg5 $17) 24... axb3 25. axb3 b6 26. Ne6 Rd7 27. Bg5 (27. Nxg7 $17 Kxg7 28. Re3) 27... Re8 $19 28. Re3 Kf7 29. Nxg7 Rxe3 30. Bxe3 Kxg7 {[%emt 0:00:07][%mdl 4096] Endgame KR-KB} 31. b4 Kf6 32. Kf3 Ke5 33. Ke2 {[%emt 0:00:24] Inhibits Rd3.} Kf5 34. f3 Rd8 35. Bf4 c6 {[%emt 0:01:09] And now ...Rd4 would win.} 36. Bc7 $2 (36. Be3) 36... Rd4 37. g4+ Ke6 38. c5 g5 $2 (38... b5 $19 {is more deadly.} 39. Ba5 h5) 39. Ke3 $2 (39. Bxb6 $17 Rxb4 40. Bd8) 39... Kd5 {[%emt 0:00:27] Threatens to win with ...b5.} 40. h3 $2 (40. Bxb6 Rxb4 41. Bd8) 40... h6 {[%emt 0:00:15] aiming for ...b5.} 41. Kf2 $2 (41. Bxb6 Rxb4 42. Kf2) 41... Rd1 $4 (41... b5 $19 42. Ba5 Rd3) 42. Kg3 $4 (42. cxb6 $18 Rb1 43. b7 Rxb4 44. b8=Q Rxb8 45. Bxb8) 42... Kd4 $4 (42... b5 $19 43. h4 Rg1+ 44. Kh2 Rb1 45. hxg5 hxg5) 43. h4 $4 (43. cxb6 $18 {is the narrow road to win. b7 is the strong threat.} Rg1+ 44. Kf2) 43... Ke3 $4 (43... b5 $19 44. hxg5 hxg5) 44. hxg5 $2 (44. cxb6 Rf1 45. b7 Rxf3+ 46. Kg2) 44... hxg5 $2 (44... Rg1+ $2 45. Kh2 hxg5 46. cxb6 $18) (44... bxc5 45. gxh6 cxb4) 45. Bd8 $4 Re1 $4 (45... Rxd8 {and life is good for Black.} 46. cxb6 Rb8 47. Kg2 Rxb6 48. f4 gxf4 49. Kh2 f3 50. Kg3 f2 51. Kh4 f1=Q 52. Kh5 c5 53. bxc5 Qh1+ 54. Kg5 Qh6+ 55. Kf5 Qf6#) 46. Bc7 $4 (46. Bxg5+ $18 Kd3 47. cxb6) 46... Rg1+ 47. Kh2 Rb1 48. Kg3 Ke2 $2 (48... b5 $19 {( -> ...Rg1+)} 49. Kg2 Rb2+ 50. Kg3 Rf2) 49. Bd8 $2 {[%emt 0:00:04][%mdl 8192] Black used his chance.  Weighted Error Value: White=1.40/Black=0.73} (49. cxb6 $11 Rxb4 50. Bd8) 0-1

[Event "SVK ECo-C Extraliga 2021-22"]
[Site "Slovakia"]
[Date "2022.06.10"]
[Round "9.8"]
[White "Tauber, Marek"]
[Black "Pcola, Jaroslav"]
[Result "1-0"]
[ECO "C07"]
[WhiteElo "2050"]
[BlackElo "2041"]
[Annotator "TA"]
[PlyCount "109"]
[EventDate "2021.10.21"]
[EventType "team-tourn"]
[EventCountry "SVK"]
[SourceTitle "playchess.com"]
[Source "ChessBase"]
[SourceQuality "1"]
[TimeControl "40/5400+30:1800+30"]

1. e4 e6 2. d4 d5 3. Nd2 c5 4. Ngf3 Nf6 5. exd5 Qxd5 6. Bc4 Qd6 7. O-O Nc6 8. Nb3 cxd4 9. Nbxd4 Nxd4 10. Qxd4 Qxd4 11. Nxd4 a6 12. Re1 Bd7 {[%emt 0:04:03] C07: French Tarrasch: 3...c5, 4 Ngf3 and 4 exd5 Qxd5.} 13. Bf4 Bc5 14. Rad1 O-O {[%emt 0:04:00] The position is equal.} 15. c3 {[%emt 0:01:57] [#]} Bxd4 $146 ({Predecessor:} 15... Rfd8 16. h3 Ba4 17. Bb3 Bxb3 18. Nxb3 Bb6 19. Kf1 Rac8 20. Be5 Kf8 21. Rxd8+ Rxd8 {½-½ (35) Wang,Y (2398)-Zhang,X (2344) Jiangsu Wuxi 2011}) 16. Rxd4 Bc6 17. Red1 Nd5 18. Bc1 Rfe8 19. Bf1 Nc7 20. c4 e5 21. Rd6 Ne6 22. Be3 Red8 23. Rxd8+ Rxd8 24. Rxd8+ Nxd8 $14 {[%emt 0:00:02][%mdl 4096] Endgame KBB-KBN} 25. b4 b5 26. f3 f6 27. Kf2 Kf7 28. Ke1 Ke6 29. Kd2 h6 30. Kc3 f5 31. Bb6 (31. f4 $5 ) 31... Kd7 32. Bxd8 Kxd8 {[%emt 0:00:01] KB-KB} 33. Bd3 g6 34. h4 Ke7 35. h5 e4 36. fxe4 fxe4 37. Be2 gxh5 38. Bxh5 Kf6 39. cxb5 Bxb5 {[%emt 0:01:32] And now ...Kg5 would win.} 40. Kd4 Kf5 $2 {[%emt 0:00:50][%mdl 8192] [#] White leaves nothing to chance now.} (40... Kg5 $11 41. Bd1 Kf4) 41. g3 $1 $18 Bd3 42. Bd1 {[%emt 0:00:00] aiming for a4.} Kg5 43. Ke3 $2 ({Only move:} 43. a3 $18 {a4 is the strong threat.} Kf6 44. Bg4) 43... Bc4 $2 (43... Kf5 $1 $14) 44. a4 {[%emt 0:00:00] Black must now prevent Be2.} Bd5 45. Be2 Bb7 46. Kd4 (46. b5 axb5 47. axb5 Kf6 $18) 46... h5 $2 {[%emt 0:02:37] [#]} (46... Kf6 47. b5 axb5 48. Bxb5 (48. axb5 Ke7 $16) 48... Kf5) 47. Ke5 h4 48. gxh4+ Kxh4 49. Kf4 {[%emt 0:00:00] White mates.} Bc6 50. a5 Bb7 51. Bg4 Bc6 52. Bf5 e3 53. Kxe3 Kg5 54. Bd3 Bb7 55. Kd4 {[%emt 0:00:00] Weighted Error Value: White=0.21 (precise) /Black=0.52} 1-0

[Event "SVK ECo-C Extraliga 2021-22"]
[Site "Slovakia"]
[Date "2022.06.10"]
[Round "9.9"]
[White "Plat, Vojtech"]
[Black "Druska Juraj"]
[Result "1-0"]
[ECO "C01"]
[WhiteElo "2547"]
[BlackElo "2523"]
[Annotator "TA"]
[PlyCount "91"]
[EventDate "2021.10.21"]
[EventType "team-tourn"]
[EventCountry "SVK"]
[SourceTitle "playchess.com"]
[Source "ChessBase"]
[SourceQuality "1"]
[TimeControl "40/5400+30:1800+30"]

1. e4 e6 2. d4 d5 3. exd5 exd5 4. Bd3 c5 5. Qe2+ Be7 6. dxc5 Nf6 7. Nf3 O-O 8. O-O Bxc5 9. Bg5 {[%emt 0:00:07] C01: French: Exchange Variation.} Bg4 (9... h6 $5 10. Bxf6 Qxf6 $11) 10. h3 Bh5 11. g4 {[%emt 0:05:10] The position is equal.} Bg6 12. Bxg6 hxg6 13. Nc3 {[%emt 0:02:31] [#]} Nc6 $146 ({Predecessor:} 13... Qd6 14. Qe5 Qxe5 15. Nxe5 Bd4 16. Rfe1 Bxc3 17. bxc3 Ne4 18. Bc1 Nxc3 19. Nf3 Nc6 {0-1 (71) Bauch,S (1930)-Karmainski,A (2102) Ruhrgebiet 2017}) 14. Rad1 $1 Qd6 $132 {[%emt 0:11:59][%mdl 2048] Black is not keeping still} 15. Kg2 {[%emt 0:03:57] Prevents Qg3+. Bxf6 is the strong threat.} Rfe8 16. Qb5 a6 17. Qb3 (17. Qxb7 $2 Na5 18. Bf4 Qxf4 $19) 17... d4 18. Bxf6 ({Wrong is} 18. Qxb7 $2 Na5 19. Nb5 axb5 20. Qxb5 Reb8 $19) 18... gxf6 19. Nb1 {[%emt 0:00:15] [#]} (19. Qd5 $11 {remains equal.}) 19... b5 ({Better is} 19... Nd8 $1 {[%cal Rd8e6] Strongly threatening ...Ne6.} 20. Nc3 Ne6) 20. Nbd2 $17 Re2 (20... Nb4 $15 21. Rfe1 Qc6) 21. Rfe1 Rae8 22. Rxe2 Rxe2 23. Qd3 Qe7 24. Qxe2 Qxe2 25. Re1 {[%emt 0:00:03] [#]} d3 (25... Qe6 $1 $11 26. Rxe6 fxe6) 26. Rxe2 $16 {[%emt 0:00:04] White stays focused until the end.} dxe2 {[%emt 0:00:02][%mdl 4096] Endgame KBN-KNN} 27. Ne1 b4 28. c3 {[%emt 0:06:41] Against Bd4} bxc3 29. bxc3 Ne5 (29... Bf8 $142) 30. Ne4 Be7 31. Ng3 Nc4 32. Kf3 ({Don't do} 32. Nxe2 Kg7 33. Nc2 Bc5 $16) 32... Bc5 33. Kxe2 Nd6 34. Nd3 Bb6 35. Nb4 Kg7 36. Nxa6 Nb5 37. Ne4 f5 (37... Ba5 $142 38. c4 Na7) 38. gxf5 $18 {[%emt 0:00:03] White is clearly winning.} gxf5 39. a4 Na3 40. Nd2 Kf6 41. Nb4 Ke5 {[%emt 0:02:18] Prevents Nd5.} 42. a5 Bc5 43. Nd3+ Kd6 44. Nxc5 {[%emt 0:00:00][%cal Oh3h4] And now h4! would win.} Kxc5 45. h4 {[%emt 0:00:00] Threatening mate with h5.} Nb5 46. Kd3 {[%emt 0:00:00] Weighted Error Value: White=0.09 (flawless) /Black=0.36} 1-0

[Event "SVK ECo-C Extraliga 2021-22"]
[Site "Slovakia"]
[Date "2022.06.10"]
[Round "9.10"]
[White "Zwardon, Vojtech"]
[Black "Piesik Piotr"]
[Result "0-1"]
[ECO "D10"]
[WhiteElo "2482"]
[BlackElo "2432"]
[Annotator "TA"]
[PlyCount "76"]
[EventDate "2021.10.21"]
[EventType "team-tourn"]
[EventCountry "SVK"]
[SourceTitle "playchess.com"]
[Source "ChessBase"]
[SourceQuality "1"]
[TimeControl "40/5400+30:1800+30"]

1. c4 c6 2. Nc3 d5 3. d4 Nf6 4. cxd5 cxd5 5. Bf4 Qb6 6. e3 Qxb2 {[%emt 0:02:10] D10: Slav Defence: 3 cxd5 (without early Nf3) and 3 Nc3.} 7. Bb5+ $1 Bd7 8. Bxd7+ $1 (8. Qc1 Qxc1+ 9. Rxc1 e6 $15) 8... Nbxd7 {[%emt 0:00:02] White is slightly better.} ({Not} 8... Nfxd7 9. Nge2 (9. Nxd5 Na6 $14) 9... Qb6 10. Nxd5 Qa5+ 11. Nec3 $16) 9. Nge2 {[%emt 0:00:24] Threatens to win with 0-0.} Qa3 $1 10. Rb1 Rc8 (10... b6 $1 $14) 11. O-O $36 {[%emt 0:00:20][%mdl 2048] White has strong initiative.} a6 (11... Qa6 $16 {was worth a try.}) 12. Rxb7 $18 e6 (12... Rxc3 $2 13. Nxc3 Qxc3 14. Rc7 Qxc7 15. Bxc7 $18) 13. Ra7 $1 Bb4 14. Nb5 Qxa2 {[%emt 0:01:27] [#]} 15. Nc7+ $146 ({Predecessor:} 15. Nc1 Qc4 16. Nc7+ Kf8 17. Nxa6 Kg8 18. Nd3 Bf8 19. Qb1 Qa4 20. Be5 Qc6 21. Nb8 Nxb8 {1-0 (48) Sargent,J (2212)-Sutton,A (2176) ICCF email 2018}) 15... Rxc7 (15... Ke7 $16) 16. Bxc7 ({Don't do} 16. Rxc7 O-O 17. Nc1 Qa3 $18) 16... O-O 17. Qd3 a5 18. Rb1 {[%emt 0:01:32] Strongly threatening Rxb4.} Qa4 19. h3 Ne4 {[%emt 0:01:25] [#]} 20. Bxa5 $1 Bxa5 {[%emt 0:00:05] [#]} 21. Qb5 ({White has to play} 21. Qd1 $1 $18 Qxd1+ 22. Rxd1) 21... Qxb5 $11 22. Rxb5 {[%emt 0:00:03] [#]} Be1 23. f3 (23. Rxd7 Bxf2+) 23... Nef6 24. Kf1 Bd2 25. Kf2 {[%emt 0:00:10] Black must now prevent Rb2.} Rb8 $1 26. Rxb8+ Nxb8 27. Rb7 Nfd7 28. Nf4 Kf8 29. Nd3 Ba5 30. Nc5 Ke7 31. Ke2 Bb6 32. Na4 {[%emt 0:00:08] [#]} Bd8 33. e4 Kd6 34. Kd3 Kc6 35. Rb1 Be7 36. Nc3 Na6 37. Rc1 Nb4+ 38. Ke3 $2 (38. Ke2 $17 {was the crucial defense.} Kb7 39. Rb1) 38... Bg5+ {[%emt 0:00:16] What a bad dream for White.  Weighted Error Value: White=0.30/Black=0.11 (very precise)} 0-1

[Event "SVK ECo-C Extraliga 2021-22"]
[Site "Slovakia"]
[Date "2022.06.10"]
[Round "9.11"]
[White "Roubalik, Jakub"]
[Black "Jurcik Marian"]
[Result "1/2-1/2"]
[ECO "E94"]
[WhiteElo "2384"]
[BlackElo "2407"]
[Annotator "TA"]
[PlyCount "34"]
[EventDate "2021.10.21"]
[EventType "team-tourn"]
[EventCountry "SVK"]
[SourceTitle "playchess.com"]
[Source "ChessBase"]
[SourceQuality "1"]
[TimeControl "40/5400+30:1800+30"]

1. d4 d6 2. c4 e5 3. Nf3 Nd7 4. Nc3 g6 5. e4 Bg7 6. d5 Ngf6 7. Be2 O-O 8. O-O Nc5 9. Qc2 a5 10. Be3 Ng4 11. Bxc5 dxc5 12. Rad1 {[%emt 0:00:16] E94: King's Indian: Classical: 6 Be2 e5 7 0-0: Various Black 7th moves.} Qe7 {[%emt 0:08:14] [#]} 13. Nb5 $146 ({Predecessor:} 13. Qd3 Ra6 14. Ne1 Nf6 15. Qe3 Ne8 16. Nd3 b6 17. Nb5 Nd6 18. Nxc5 bxc5 19. Qxc5 Qg5 {0-1 (30) Duessel,U (2283)-Cherniaev,A (2484) Zuerich 2007}) 13... Rd8 14. Nd2 Nf6 {[%emt 0:01:41] The position is equal.} 15. d6 cxd6 16. Nb1 b6 17. N1c3 Bb7 {[%emt 0:00:42] A rather calm draw.  Weighted Error Value: White=0.11 (very precise) /Black=0.07 (flawless)} 1/2-1/2

[Event "SVK ECo-C Extraliga 2021-22"]
[Site "Slovakia"]
[Date "2022.06.10"]
[Round "9.12"]
[White "Jurcik Martin"]
[Black "Motuz Karol"]
[Result "1-0"]
[ECO "C47"]
[WhiteElo "2391"]
[BlackElo "2297"]
[Annotator "TA"]
[PlyCount "74"]
[EventDate "2021.10.21"]
[EventType "team-tourn"]
[EventCountry "SVK"]
[SourceTitle "playchess.com"]
[Source "ChessBase"]
[SourceQuality "1"]
[TimeControl "40/5400+30:1800+30"]

1. e4 e5 2. Nf3 Nc6 3. Nc3 Nf6 4. d4 exd4 5. Nxd4 Bb4 6. Nxc6 bxc6 7. Bd3 d5 8. exd5 cxd5 9. O-O O-O 10. Bg5 c6 11. Qf3 Bd6 12. Rae1 h6 {[%emt 0:02:05] C47: Scotch Four Knights and Four Knights with 4 g3.} 13. Bxf6 Qxf6 14. Qxf6 gxf6 {[%emt 0:00:01] The position is equal.} 15. Ne2 {[%emt 0:03:12] 15.Nd1 gains popularity.} c5 {[%emt 0:17:51] [#] White must now prevent ...c4.} 16. Ng3 Rb8 17. b3 {[%emt 0:01:47] Against c4} Be6 18. Nf5 Bxf5 19. Bxf5 Rfe8 20. Rd1 Rbd8 {[%emt 0:05:37] [#]} 21. Rd3 $146 ({Predecessor:} 21. g3 Bc7 22. Bg4 {½-½ (21) Wang,C (2485)-Hansen,S (2561) Pattaya 2013}) 21... d4 (21... c4 $14 22. Rc3 Re5) 22. Rh3 $16 {[%emt 0:00:54] White stays focused until the end.} Kg7 23. Bd3 Re7 24. f4 Re3 25. Rh5 a5 26. a4 Be7 27. Kf2 Bd6 28. g3 Be7 29. Re1 Rxe1 30. Kxe1 {[%emt 0:00:04][%mdl 4096] Endgame KRB-KRB} Bf8 31. Ke2 Kg8 32. Be4 Kg7 33. Kd3 Be7 34. Rd5 Rb8 (34... Rxd5 {was worth a try.} 35. Bxd5 h5) 35. Rd7 $18 Kf8 36. Ra7 f5 37. Bd5 h5 {[%emt 0:00:00] Weighted Error Value: White=0.01 (flawless) /Black=0.19 (very precise)} 1-0

[Event "SVK ECo-C Extraliga 2021-22"]
[Site "Slovakia"]
[Date "2022.06.10"]
[Round "9.13"]
[White "Vojtek Vladimir"]
[Black "Zvarik Martin"]
[Result "1-0"]
[ECO "C77"]
[WhiteElo "2297"]
[BlackElo "2228"]
[Annotator "TA"]
[PlyCount "51"]
[EventDate "2021.10.21"]
[EventType "team-tourn"]
[EventCountry "SVK"]
[SourceTitle "playchess.com"]
[Source "ChessBase"]
[SourceQuality "1"]
[TimeControl "40/5400+30:1800+30"]

1. e4 e5 2. Nf3 Nc6 3. Bb5 a6 4. Ba4 Nf6 5. Nc3 Bc5 6. O-O b5 7. Bb3 d6 {[%emt 0:00:43] C77: Ruy Lopez: 3...a6 4 Ba4 Nf6, unusual lines.} 8. h3 {[%emt 0:03:43] Inhibits Bg4.} (8. Nd5 $14) 8... h6 {[%emt 0:14:02] [#]} 9. Ne2 $146 ({Predecessor:} 9. d3 Na5 10. Ne2 O-O 11. Ng3 Bb6 12. c3 Nxb3 13. axb3 Re8 14. Be3 Rb8 15. Qd2 {1-0 (25) Stefansson,H (2518)-Braeuer,F (2435) Marianske Lazne 2022}) 9... Na5 {[%emt 0:04:49] The position is equal.} 10. Ng3 Nxb3 11. axb3 Bb6 12. d4 exd4 13. Nxd4 O-O 14. Qd3 Re8 15. Nxb5 Nd7 (15... Bxh3 $11 16. Nxc7 Bxc7 17. gxh3 Qd7) 16. Qc3 ({White should try} 16. Nc3 $16) 16... Nc5 17. Be3 (17. Nh5 Re5 18. Ng3 Bb7 $15) (17. Bxh6 $2 gxh6 18. Qf3 (18. Nh5 $2 Re5 $19) 18... Bb7 $19) 17... Bd7 ({Don't take} 17... Nxe4 18. Nxe4 Rxe4 19. Bxb6 (19. Qc6 Bf5 $14) 19... cxb6 20. Rfd1 $16 (20. Qc6 Bf5 $14)) ({Black should play} 17... Bb7 $11 18. Bxc5 Bxc5) 18. Bxc5 $14 {[%emt 0:03:28] White is more active.} Bxc5 19. Nd4 Qg5 20. Kh2 $40 {[%emt 0:03:37][%mdl 128] White has strong attack.} Qf4 21. Nde2 Qh4 22. Qf3 Re5 ({Better is} 22... Bc6 $14) 23. Nf4 $16 Rg5 $2 {[%emt 0:00:46] [#]} (23... Bb5 $16) 24. Nd3 (24. Nf5 $142 Rxf5 25. exf5) 24... Bg4 $2 (24... Bc6 {is tougher.} 25. Rfd1 (25. Nxc5 Rxc5 26. b4 Rc4 $16) 25... a5) 25. Qf4 $18 Bd4 26. Nf5 {[%emt 0:01:43] Weighted Error Value: White=0.29 (precise) /Black=0.57} 1-0

[Event "SVK ECo-C Extraliga 2021-22"]
[Site "Slovakia"]
[Date "2022.06.10"]
[Round "9.14"]
[White "Straka Jozef"]
[Black "Zpevak, Pavel"]
[Result "1-0"]
[ECO "E56"]
[WhiteElo "2319"]
[BlackElo "2357"]
[Annotator "TA"]
[PlyCount "195"]
[EventDate "2021.10.21"]
[EventType "team-tourn"]
[EventCountry "SVK"]
[SourceTitle "playchess.com"]
[Source "ChessBase"]
[SourceQuality "1"]
[TimeControl "40/5400+30:1800+30"]

1. d4 Nf6 2. c4 e6 3. Nc3 Bb4 4. e3 O-O 5. Bd3 d5 6. Nf3 c5 7. O-O Nc6 8. a3 Ba5 9. cxd5 exd5 10. dxc5 Bxc3 11. bxc3 Qa5 12. Qc2 {[%emt 0:03:50] E56: Nimzo-Indian: Rubinstein: Main Line: 7...Nc6.} Qxc5 13. c4 dxc4 {[%emt 0:11:33] [#]} 14. Bb2 $146 {[%emt 0:04:37] The position is equal.} ({Predecessor:} 14. Qxc4 Qxc4 15. Bxc4 Bg4 16. Bb2 Rac8 17. Rac1 Na5 18. Bd3 Nb3 19. Rxc8 Rxc8 20. Nd4 {0-1 (72) Bunk,W (1984)-Hofstetter,H (2163) Bad Kissingen 2018}) 14... Rd8 15. Qxc4 Qxc4 16. Bxc4 {[%emt 0:00:03] A strong pair of Bishops.} Be6 17. Bxe6 fxe6 18. Ng5 e5 19. Rfd1 Rxd1+ 20. Rxd1 Re8 21. h3 h6 22. Nf3 Kf7 23. g4 Ke6 24. Nh4 {[%emt 0:02:06] White wants to play Nf5.} Rd8 25. Rxd8 Nxd8 $11 {[%emt 0:00:07][%mdl 4096] Endgame KBN-KNN} 26. Nf5 Ne8 27. f4 Nf7 28. Kf2 h5 29. Ng3 hxg4 30. hxg4 exf4 31. exf4 Kd5 32. Kf3 g5 33. Nh5 gxf4 34. Kxf4 a5 35. g5 Nxg5 36. Kxg5 Kc4 37. Be5 {[%emt 0:01:47] White threatens Kf5 and mate.} Kb3 $2 {[%emt 0:00:02][%mdl 8192] [#] Black is now going downhill.} (37... b5 $11) 38. Kg6 Kxa3 39. Kf7 b5 40. Kxe8 b4 41. Nf4 Kb3 42. Kd7 Kc2 43. Nd5 b3 44. Ne3+ Kb1 45. Nc4 a4 46. Kc6 Kc2 47. Bb2 Kd3 48. Kb5 Ke4 49. Kxa4 Kd5 50. Kxb3 Ke4 51. Kc3 Kd5 52. Kd3 Kc5 53. Ne3 Kb5 54. Kd4 Kc6 55. Ba3 Kb5 56. Bc5 Kc6 57. Nc4 Kc7 58. Kd5 Kb7 59. Bd6 Ka7 60. Kc6 Ka8 61. Bc5 Kb8 62. Be3 Ka8 63. Nb6+ Kb8 64. Bf4+ Ka7 65. Be5 Ka6 66. Bd6 Ka7 67. Bc7 Ka6 68. Bb8 Ka5 69. Nd5 Ka4 70. Kc5 Kb3 71. Bg3 Kc2 72. Kd4 Kd2 73. Nf4 Kc2 74. Kc4 Kb2 75. Ne2 Kc2 76. Nd4+ Kd2 77. Bf2 Kd1 78. Kc3 Kc1 79. Bg3 Kd1 80. Bh4 Kc1 81. Bg3 Kd1 82. Bh4 Kc1 83. Nc2 Kd1 84. Kd3 Kc1 85. Bf6 Kd1 86. Bc3 Kc1 87. Bd4 Kd1 88. Be5 Kc1 89. Ne3 Kb1 90. Kc3 Kc1 91. Bf4 Kb1 92. Nc4 Ka2 93. Kc2 Ka1 94. Be3 Ka2 95. Bc1 {[%emt 0:00:17] White mates.} Ka1 96. Nd2 Ka2 97. Ne4 Ka1 98. Bb2+ {[%emt 0:00:02] Weighted Error Value: White=0.03 (flawless) /Black=0.23 (precise)} 1-0

[Event "SVK ECo-C Extraliga 2021-22"]
[Site "Slovakia"]
[Date "2022.06.10"]
[Round "9.15"]
[White "Rucek Kristian"]
[Black "Kopera Michal"]
[Result "1-0"]
[ECO "D37"]
[WhiteElo "2234"]
[BlackElo "2135"]
[Annotator "TA"]
[PlyCount "73"]
[EventDate "2021.10.21"]
[EventType "team-tourn"]
[EventCountry "SVK"]
[SourceTitle "playchess.com"]
[Source "ChessBase"]
[SourceQuality "1"]
[TimeControl "40/5400+30:1800+30"]

1. d4 d5 2. c4 e6 3. Nf3 Nf6 4. Nc3 Be7 5. Bf4 O-O 6. e3 c5 7. dxc5 Bxc5 8. a3 Nc6 9. Qc2 Bd6 {[%emt 0:08:56] D37: Queen's Gambit Declined: 5 Bf4.} 10. Bg5 dxc4 {[%emt 0:03:54] [#]} (10... Be7 $11 {remains equal.}) 11. Bxc4 ({White should play} 11. O-O-O $1 $16 {And now Ne4 would win.} Qe7 12. Ne4 (12. Bxc4 h6 $16)) 11... Ne5 $11 {[%emt 0:00:39] The position is equal.} 12. Be2 h6 13. Bh4 {[%emt 0:02:37] [#]} Ng6 $146 ({Predecessor:} 13... Bd7 14. Rd1 Qc7 15. Bxf6 gxf6 16. Qd2 Qb6 17. Qxd6 Qxb2 18. Qb4 Qxb4 19. axb4 Nxf3+ 20. gxf3 Bc6 21. e4 {1-0 (21) Amin,B (2505)-Kuzubov,Y (2559) Batumi 2006}) 14. Bxf6 Qxf6 15. Ne4 Qf5 16. O-O {[%emt 0:03:15] Strongly threatening Nd4.} Be7 $1 17. Nd4 {[%emt 0:11:36] White is more active.} (17. Rfd1 $5 ) 17... Qa5 18. Rac1 e5 19. Nb3 Qb6 20. Ned2 (20. Nbc5 $14) 20... Be6 21. Nc4 Qc7 22. Bd3 Rac8 23. Qb1 Rfd8 24. Ncd2 Qb6 25. Bxg6 Bxb3 {[%emt 0:05:46] This bishop pair is nice.} 26. Bh7+ Kf8 {[%emt 0:01:10] aiming for ...Rxc1.} 27. Rxc8 Rxc8 28. Nxb3 Qxb3 29. Bf5 Rd8 30. Bc2 Qb5 31. b4 g6 32. g3 Rd2 33. Qc1 Qe2 (33... Rd7 $11) 34. Bb3 ({Better is} 34. Be4 $14) 34... Qd3 $1 35. Qc8+ Kg7 (35... Bd8 $1 $11 36. Qc1 (36. Bc4 Qc3 $15) 36... Kg7) 36. Bc4 (36. Qxb7 $16 Qd7 37. Qa6) 36... Qxa3 $2 {[%emt 0:02:49][%mdl 8192] [#]} (36... Qd7 $11 37. Qb8 Bd6 38. Qxa7 Qc6) 37. Qe8 {[%emt 0:00:34] Weighted Error Value: White=0.18 (very precise) /Black=0.40} 1-0